 Dungeon Sprint DCSS version 0.23.2-1-ga50397a (webtiles) character file.

Game seed: 7143524946531756243

473 whitewolfNL the Basher (level 6, -3/62 HPs)
             Began as a Minotaur Berserker on May 22, 2019.
             Was a Believer of Trog.
             Succumbed to Sonja's poison
             ... in the Dungeon (Sprint I: "Red Sonja").
             The game lasted 00:03:00 (800 turns).

whitewolfNL the Basher (Minotaur Berserker)          Turns: 800, Time: 00:03:01

Health: -3/62      AC:  4    Str: 22    XL:     6   Next: 83%
Magic:  5/5        EV: 15    Int:  4    God:    Trog [**....]
Gold:   178        SH:  0    Dex: 11    Spells: 5/5 levels left

rFire    . . .     SeeInvis .   a - +0 mace
rCold    . . .     Gourm    .   (no shield)
rNeg     . . .     Faith    .   k - +0 leather armour
rPois    .         Spirit   .   (helmet restricted)
rElec    .         Reflect  .   (no cloak)
rCorr    .         Harm     .   (no gloves)
MR       .....     NoTele   +   (no boots)
Stlth    +.........             (no amulet)
HPRegen  0.20/turn              (no ring)
MPRegen  0.09/turn              (no ring)

@: lethally poisoned (-3 -> -95), berserk cooldown, slowed, very slow
A: retaliatory headbutt, horns 2
a: Berserk, Trog's Hand, Renounce Religion


You were in the Dungeon.
You worshipped Trog.
Trog was pleased with you.
You were very hungry.

You visited 1 branch You collected 178 gold pieces.

Inventory:

Hand Weapons
 a - a +0 mace (weapon)
Armour
 b - a +0 robe
 k - a +0 leather armour (worn)
Wands
 j - a wand of random effects (11)
Scrolls
 i - a scroll of blinking
Potions
 f - a potion of haste
 g - 2 potions of magic
 h - a potion of berserk rage
Comestibles
 c - a ration


   Skills:
 + Level 8.7 Fighting
 * Level 11.5 Maces & Flails
 + Level 8.2 Armour
 + Level 7.5 Dodging


You had 5 spell levels left.
You didn't know any spells.
Your spell library was empty.

Dungeon Overview and Level Annotations

Branches:
Dungeon (1/1)

Altars:
Makhleb
Sif Muna
Vehumet
Wu Jian
Xom
Jiyva
Lugonu

Annotations:
D Sonja


Innate Abilities, Weirdness & Mutations

You reflexively headbutt those who attack you in melee.
You have a pair of horns on your head.


Message History

* * * LOW HITPOINT WARNING * * *
You are more poisoned.
Sonja hits you but does no damage.
You are more poisoned.
Sonja gestures wildly while chanting.
Sonja looks slightly unstable.
You closely miss Sonja. Your headbutt misses Sonja.
Sonja is severely wounded.
* * * LOW HITPOINT WARNING * * *
You feel extremely sick. Sonja barely misses you. Sonja completely misses you.
Sonja closely misses you.
Sonja hits you with a +0 dagger of venom.
* * * LOW HITPOINT WARNING * * *
You are more poisoned.
Sonja hits you but does no damage.
Sonja hits you with a +0 dagger of venom.
* * * LOW HITPOINT WARNING * * *
You miss Sonja. Your headbutt misses Sonja.
Sonja is severely wounded.
You die...

#<.#..'[.#..'..#__#
#..'..#..').#..'..+
#..#####'#####'#__#
#..# #..# #.####
#..# #### ##.#§§§
#..# #+#_.+§§ #⌠⌠#
+.(._#≈§§ ####
#_K#'# +# ##@#.#
##(###


+$((+ #$.(# ##.## #+# You could see Sonja.

Vanquished Creatures
  A slime creature (D)
  Sigmund (D)
  An ogre (D)
  A jelly (D)
  Ijyb (D)
5 creatures vanquished.

Notes
Turn   | Place    | Note
-------+----------+-------------------------------------------
     0 | D        | whitewolfNL the Minotaur Berserker began the quest for the
                  | Orb.
     0 | D        | Reached XP level 1. HP: 19/19 MP: 0/0
     1 | D        | Noticed Ijyb
    14 | D        | Killed Ijyb
    14 | D        | Reached skill level 5 in Maces & Flails
    14 | D        | Reached XP level 2. HP: 10/28 MP: 1/1
   313 | D        | Noticed an ogre
   317 | D        | Killed an ogre
   317 | D        | Reached skill level 7 in Maces & Flails
   317 | D        | Reached skill level 5 in Armour
   317 | D        | Reached XP level 3. HP: 21/37 MP: 2/2
   317 | D        | Reached XP level 4. HP: 26/44 MP: 3/3
   492 | D        | Noticed Sigmund
   510 | D        | Killed Sigmund
   510 | D        | Reached ** piety under Trog
   510 | D        | Reached skill level 10 in Maces & Flails
   510 | D        | Reached XP level 5. HP: 20/52 MP: 4/4
   718 | D        | Found a burning altar of Makhleb.
   718 | D        | Found a viscous altar of Jiyva.
   718 | D        | Found a shimmering altar of Xom.
   718 | D        | Found a corrupted altar of Lugonu.
   718 | D        | Noticed a slime creature
   726 | D        | Killed a slime creature
   726 | D        | Reached skill level 11 in Maces & Flails
   726 | D        | Reached XP level 6. HP: 48/62 MP: 5/5
   733 | D        | Found an ornate altar of the Wu Jian Council.
   733 | D        | Found a deep blue altar of Sif Muna.
   735 | D        | Found a radiant altar of Vehumet.
   784 | D        | Noticed Sonja
   800 | D        | Succumbed to Sonja's poison

Skill      XL: |  1  2  3  4  5 |
---------------+----------------+-----
Fighting       | 4 6 7 8 |  8.7
Maces & Flails | 5 7 10 11 | 11.5
Armour         | 3 5 7 8 |  8.2
Dodging        | 3 4 6 7 |  7.5

Action                   |  1- 3 |  4- 6 || total
-------------------------+-------+-------++-------
Melee: Mace              |    15 |    27 ||    42
       Headbutt          |     2 |     5 ||     7
Invok: Berserk           |     1 |     2 ||     3
  Use: Potion            |       |     2 ||     2
  Eat: Chunk             |       |     1 ||     1
Armor: Animal skin       |     2 |       ||     2
       Leather armour    |       |     6 ||     6
Dodge: Dodged            |     6 |    31 ||    37
